 Dungeon Crawl Stone Soup version 0.21-a0-401-g0b6bec4 (webtiles) character file.

594 sagitran the Slasher (level 7, 0/52 HPs)
             Began as a Demonspawn Gladiator on Oct 22, 2017.
             Was a Follower of Okawaru.
             Slain by an ice beast (12 damage)
             ... on level 5 of the Dungeon.
             The game lasted 00:18:38 (3742 turns).

sagitran the Slasher (Demonspawn Gladiator)         Turns: 3742, Time: 00:18:39

Health: 0/52       AC: 11    Str: 15    XL:     7   Next: 16%
Magic:  16/16      EV:  7    Int:  9    God:    Okawaru [*.....]
Gold:   237        SH:  4    Dex: 16    Spells: 6/6 levels left

rFire    . . .     SeeInvis .   a - +6 long sword
rCold    . . .     Gourm    .   i - +0 buckler
rNeg     . . .     Faith    .   m - +0 chain mail
rPois    .         Spirit   .   c - +0 helmet
rElec    .         Reflect  .   p - +0 cloak
rCorr    .         Harm     .   (no gloves)
MR       .....                  (no boots)
Stlth    ..........             (no amulet)
HPRegen  0.17/turn              C - ring of magical power
MPRegen  0.15/turn              (no ring)

@: lethally poisoned (0 -> -1)
A: claws 1, powered by pain 1
a: Heroism, Renounce Religion


You were on level 5 of the Dungeon.
You worshipped Okawaru.
Okawaru was aware of your devotion.
You were not hungry.

You visited 2 branches of the dungeon, and saw 6 of its levels.

You collected 237 gold pieces.

Inventory:

Hand Weapons
 a - a +6 long sword (weapon)
 y - a +0 blowgun
 I - a +1 dagger of venom
Missiles
 d - 3 throwing nets (quivered)
 l - 6 tomahawks
 z - 9 poisoned needles
Armour
 b - a +0 leather armour
 c - a +0 helmet (worn)
 h - a +1 hat
 i - a +0 buckler (worn)
 j - a +0 ring mail
 m - a +0 chain mail (worn)
 n - a cursed +0 scale mail
 p - a +0 cloak (worn)
Jewellery
 C - a ring of magical power (left claw)
Wands
 x - a wand of digging (20/24)
Scrolls
 u - 2 scrolls of teleportation
 A - 2 scrolls of magic mapping {unknown}
 B - a scroll of enchant armour {unknown}
 E - 2 scrolls of identify
 L - a scroll of fog {unknown}
Potions
 e - a potion of flight {unknown}
 k - a potion of ambrosia
 o - a potion of curing {unknown}
 q - a potion of invisibility
 r - a potion of mutation {unknown}
 s - 2 potions of magic {unknown}
 t - a potion of berserk rage {unknown}
 v - a potion of brilliance {unknown}
 w - 2 potions of resistance
 F - a potion of lignification {unknown}
 G - a potion of agility {unknown}
 J - a potion of cancellation {unknown}
 K - a potion of might {unknown}
Comestibles
 f - 5 bread rations
 g - a meat ration
 D - 2 royal jellies
 H - 10 chunks of flesh


   Skills:
 + Level 3.0 Fighting
 + Level 5.3 Long Blades
 + Level 2.0 Throwing
 + Level 3.3 Armour
 + Level 3.3 Dodging
 + Level 1.2 Stealth
 + Level 1.6 Shields


You had 6 spell levels left.
You didn't know any spells.

Dungeon Overview and Level Annotations

Branches:
Dungeon (5/15)             Temple (1/1) D:4

Altars:
Ashenzari
Cheibriados
Elyvilon
Gozag
Kikubaaqudgha
Makhleb
Okawaru
Qazlal
Ru
Uskayaw
Vehumet
Xom
Yredelemnul
The Shining One


Innate Abilities, Weirdness & Mutations

You have sharp fingernails.
You sometimes gain a little power by taking damage.


Message History

An orc priest comes into view. It is wielding a club.
You closely miss the ice beast.
The ice beast is lightly wounded.
The ice beast hits you but does no damage.
You hit the ice beast but do no damage.
The ice beast is lightly wounded.
You feel sick.
The ice beast hits you but does no damage.
You slash the ice beast!
The ice beast is severely wounded.
The ice beast barely misses you.
You riposte.
You hit the ice beast but do no damage.
The ice beast is severely wounded.
The ice beast hits you but does no damage.
You hit the ice beast.
The ice beast is severely wounded.
The ice beast hits you.
* * * LOW HITPOINT WARNING * * *
The ice beast freezes you!
You die...

.#.#.#
...#......###.##
.#.#.#
........_......#
.#.#.#
....###......#.#
...#.# ....# ##.....#
##.#.###....# #.....#
#.).........####.....#
#.##.######......#####
#....# #.#....# ######
#.>.@# ####Y# #o# ..#
... .### . ..


You could see an ice beast and an orc priest.

Vanquished Creatures
  2 ogres
  A crimson imp (D:3)
  An orc priest (D:4)
  A hound (D:5)
  2 orc wizards (D:4)
  An iguana (D:4)
  4 worker ants
  5 adders
  4 gnolls (D:4)
  An adder zombie (D:5)
  A worm (D:3)
  A dart slug (D:5)
  3 leopard geckos
  3 orcs (D:4)
  3 bats
  4 giant cockroaches
  10 goblins
  5 hobgoblins
  10 kobolds
  A quokka (D:5)
  3 ball pythons
  A ball python skeleton (D:3)
  4 frilled lizards
  A quokka skeleton (D:4)
  4 rats
76 creatures vanquished.

Notes
Turn   | Place    | Note
-------+----------+-------------------------------------------
     0 | D:1      | sagitran the Demonspawn Gladiator began the quest for the Orb.
     0 | D:1      | Reached XP level 1. HP: 16/16 MP: 1/1
   133 | D:1      | Reached skill level 3 in Long Blades
   206 | D:1      | Gained mutation: You sometimes gain a little power by taking damage. [demonic ancestry]
   206 | D:1      | Reached XP level 2. HP: 20/22 MP: 2/2
   643 | D:2      | Reached XP level 3. HP: 28/28 MP: 3/3
  1693 | D:3      | Gained mutation: You have sharp fingernails. [demonic ancestry]
  1693 | D:3      | Reached XP level 4. HP: 27/34 MP: 4/4
  2144 | D:3      | Reached skill level 1 in Armour
  2427 | D:4      | Noticed an ogre
  2630 | D:4      | Reached XP level 5. HP: 25/39 MP: 5/5
  2769 | D:4      | Found a staircase to the Ecumenical Temple.
  2782 | D:4      | Reached skill level 4 in Long Blades
  2785 | D:4      | Reached skill level 1 in Shields
  2810 | Temple   | Entered the Ecumenical Temple
  3075 | Temple   | Became a worshipper of Warmaster Okawaru
  3104 | D:4      | Reached XP level 6. HP: 44/46 MP: 6/6
  3559 | D:5      | Entered Level 5 of the Dungeon
  3646 | D:5      | Reached skill level 5 in Long Blades
  3646 | D:5      | Reached skill level 1 in Stealth
  3646 | D:5      | Reached XP level 7. HP: 30/52 MP: 7/7
  3705 | D:5      | Found a snail-covered altar of Cheibriados.
  3720 | D:5      | Reached * piety under Okawaru
  3742 | D:5      | Slain by an ice beast

Vault maps used:
D:1:      lemuel_arrival_muddy
D:2:      kennysheep_big_empty_room
D:4:      minmay_temple_entry_large_hall, first_bread,
          minmay_misc_feat_secret_circle
D:5:      nicolae_overflow_crystal_walls, kennysheep_little_box
Temple:   dshaligram_water_room_temple

Skill      XL: |  1  2  3  4  5  6 |
---------------+-------------------+-----
Long Blades    | 3 4 5 |  5.3
Dodging        | 3 |  3.3
Armour         | 1 2 3 |  3.3
Shields        | 1 |  1.6
Throwing       | 2 |  2.0
Fighting       | 3 |  3.0
Stealth        | 1 |  1.2

Action                   |  1- 3 |  4- 6 |  7- 9 || total
-------------------------+-------+-------+-------++-------
Melee: Long sword        |    82 |    75 |    18 ||   175
       Blowgun           |       |     2 |       ||     2
 Fire: Blowgun           |       |     5 |       ||     5
Throw: Throwing net      |       |     1 |       ||     1
  Use: Scroll            |     8 |     6 |       ||    14
       Potion            |       |     1 |       ||     1
  Eat: Chunk             |     2 |     2 |       ||     4
       Meat ration       |       |     1 |       ||     1
Armor: Leather armour    |    16 |       |       ||    16
       Chain mail        |    27 |    44 |    10 ||    81
Dodge: Dodged            |    51 |    35 |     9 ||    95
Block: Buckler           |    13 |    14 |     1 ||    28
       Rpst.: Long sword |    14 |    12 |     4 ||    30

Table legend:
 A = Spawn XP
 B = Non-spawn XP
 C = Spawn XP percentage of total XP
 D = Spawn monster count
 E = Non-spawn monster count
 F = Spawn count percentage of total count
 G = Total turns spent on level
                    A         B        C        D         E        F      G
               +---------+---------+-------+---------+---------+-------+---------
         Total |       0 |     849 |   0.0 |       0 |      76 |   0.0 |  3742
               +---------+---------+-------+---------+---------+-------+---------
           D:1 |       0 |      31 |   0.0 |       0 |      18 |   0.0 |   646
           D:2 |       0 |      24 |   0.0 |       0 |       8 |   0.0 |   654
           D:3 |       0 |      84 |   0.0 |       0 |      21 |   0.0 |  1220
           D:4 |       0 |     426 |   0.0 |       0 |      19 |   0.0 |   799
           D:5 |       0 |     284 |   0.0 |       0 |      10 |   0.0 |   148
               +---------+---------+-------+---------+---------+-------+---------
